 Dungeon Crawl Stone Soup version 0.21-a0-196-g6a663c0 (webtiles) character file.

353 pkoi the Carver (level 6, -6/51 HPs)
             Began as a Minotaur Fighter on Aug 15, 2017.
             Splashed by a jelly's acid (7 damage)
             ... on level 4 of the Dungeon.
             The game lasted 00:04:43 (2845 turns).

pkoi the Carver (Minotaur Fighter)                  Turns: 2845, Time: 00:04:44

Health: -6/51      AC: -1    Str: 22    XL:     6   Next: 35%
Magic:  0/5        EV:  7    Int:  5    God:
Gold:   169        SH:  9    Dex: 10    Spells: 5/5 levels left

rFire    + . .     SeeInvis .   a - +0 long sword
rCold    . . .     Gourm    .   c - +0 shield
rNeg     . . .     Faith    .   b - +0 scale mail
rPois    .         Spirit   +   (helmet restricted)
rElec    .         Reflect  .   w - scarf {Spirit}
rCorr    .         Harm     .   (no gloves)
MR       .....                  (no boots)
Stlth    ..........             (no amulet)
HPRegen  0.17/turn              C - ring of protection from fire
MPRegen  0.09/turn              (no ring)

@: corroded, drained
A: retaliatory headbutt, horns 2
a: no special abilities


You were on level 4 of the Dungeon.
You were hungry.

You visited 1 branch of the dungeon, and saw 4 of its levels.

You collected 169 gold pieces.

Inventory:

Hand Weapons
 a - a +0 long sword (weapon)
Armour
 b - a +0 scale mail (worn)
 c - a +0 shield (worn)
 q - a +0 cloak
 w - a scarf of spirit shield (worn)
Jewellery
 y - an uncursed amulet of harm
 C - a ring of protection from fire (left hand)
Scrolls
 e - a scroll of magic mapping {unknown}
 i - 5 scrolls of remove curse {unknown}
 j - 3 scrolls of enchant armour {unknown}
 m - 2 scrolls of amnesia {unknown}
 n - a scroll of noise {unknown}
 s - 2 scrolls of identify {unknown}
 u - a scroll of teleportation {unknown}
 x - a scroll of enchant weapon {unknown}
 A - 2 scrolls of fog {unknown}
Potions
 d - a potion of might
 k - a potion of heal wounds {unknown}
 l - a potion of degeneration {unknown}
 o - 2 potions of flight {unknown}
 p - a potion of haste {unknown}
 r - 2 potions of agility {unknown}
 t - 2 potions of curing {unknown}
 v - a potion of resistance {unknown}
 B - 2 potions of mutation {unknown}
Comestibles
 f - 3 bread rations
 h - 2 meat rations
 z - 2 royal jellies


   Skills:
 - Level 3.6(2.8) Fighting
 + Level 8.2(7.3) Long Blades
 - Level 3.6(2.8) Armour
 - Level 3.6(2.8) Shields


You had 5 spell levels left.
You didn't know any spells.

Dungeon Overview and Level Annotations

Branches:
Dungeon (4/15)
 Temple: D:4-7

Altars:
Elyvilon
Vehumet


Innate Abilities, Weirdness & Mutations

You reflexively headbutt those who attack you in melee.
You have a pair of horns on your head.


Message History

You headbutt the jelly, but do no damage.
The jelly is almost dead.
The jelly barely misses you.
You hit the jelly but do no damage.
Your hands burn!
* * * LOW HITPOINT WARNING * * *
You headbutt the jelly, but do no damage.
The jelly is almost dead.
You are feeling hungry.
The jelly hits you.
* * * LOW HITPOINT WARNING * * *
You are splashed with acid!
The acid burns!
* * * LOW HITPOINT WARNING * * *
You hit the jelly but do no damage.
Your hands burn!
* * * LOW HITPOINT WARNING * * *
You headbutt the jelly, but do no damage.
The jelly is almost dead.
The jelly hits you.
* * * LOW HITPOINT WARNING * * *
The acid corrodes you!
You are splashed with acid!
The acid burns!
You die...

.>.# #..#
.......>...... #...
.............. ....
.............. .
....#............ .. .
.............##... .
.................. .
.................. .
..........@....... #
............J....... .
#................... .
# #.........#.(....##.
..#......####.#.....##
..#.....###..........
#.....#.............##
#.....#............##
#......##.........#


You could see a jelly.

Vanquished Creatures
  A phantom (D:4)
  An orc priest (D:2)
  An orc wizard (D:3)
  2 worker ants (D:4)
  A gnoll (D:1)
  5 adders
  2 oozes
  An adder skeleton (D:4)
  2 worms (D:3)
  4 leopard geckos
  7 orcs
  A ball python (D:1)
  5 giant cockroaches
  8 goblins
  8 hobgoblins
  6 jackals
  A quokka (D:2)
  6 bats
  2 frilled lizards
  9 kobolds
  7 rats
80 creatures vanquished.

Notes
Turn   | Place    | Note
-------+----------+-------------------------------------------
     0 | D:1      | pkoi the Minotaur Fighter began the quest for the Orb.
     0 | D:1      | Reached XP level 1. HP: 19/19 MP: 0/0
   113 | D:1      | Reached skill level 3 in Long Blades
   113 | D:1      | Reached XP level 2. HP: 23/26 MP: 1/1
   214 | D:1      | Reached skill level 4 in Long Blades
   502 | D:1      | Reached XP level 3. HP: 31/31 MP: 2/2
   948 | D:2      | Reached skill level 5 in Long Blades
  1090 | D:2      | Reached XP level 4. HP: 39/39 MP: 3/3
  1133 | D:2      | Found a radiant altar of Vehumet.
  1634 | D:3      | Reached skill level 6 in Long Blades
  1644 | D:2      | Reached XP level 5. HP: 37/45 MP: 4/4
  1839 | D:3      | Found a white marble altar of Elyvilon.
  2264 | D:4      | Reached skill level 7 in Long Blades
  2599 | D:4      | Noticed a phantom
  2631 | D:4      | Killed a phantom
  2631 | D:4      | Reached skill level 8 in Long Blades
  2631 | D:4      | Reached XP level 6. HP: 22/51 MP: 2/5
  2845 | D:4      | HP: 2/51 [acid (2)]
  2845 | D:4      | Splashed by a jelly's acid

Vault maps used:
D:1:      dpeg_arrival_signposts
D:2:      kennysheep_six_static_rooms, lemuel_crystal_altar, first_bread
D:3:      marbit_many_paths
D:4:      nicolae_tso_swordbearing_angel, serial_shops, nicolae_shop_crystal,
          nrook_mini_vaults, uniq_blork_the_orc, uniq_eustachio, uniq_natasha

Skill      XL: |  1  2  3  4  5 |
---------------+----------------+-----
Long Blades    | 3 4 5 6 8 |  8.2
Fighting       | |  3.6
Armour         | |  3.6
Shields        | |  3.6

Action                   |  1- 3 |  4- 6 || total
-------------------------+-------+-------++-------
Melee: Long sword        |    76 |   151 ||   227
       Headbutt          |    10 |    28 ||    38
  Eat: Chunk             |     1 |     5 ||     6
Armor: Scale mail        |    31 |    50 ||    81
Dodge: Dodged            |    20 |    32 ||    52
Block: Shield            |    36 |    67 ||   103
       Rpst.: Long sword |     2 |     9 ||    11
